 Dungeon Crawl Stone Soup version 0.29-a0-352-g0917bc69df (webtiles) character file.

Game seed: 11277416629441578471

2779 spaghetti the Fighter (level 9, -1/127 HPs)
             Began as a Demonspawn Berserker on Apr 24, 2022.
             Was a Priest of Trog.
             Slain by a small abomination (8 damage)
             ... on level 4 of the Abyss.
             The game lasted 00:10:54 (6828 turns).

spaghetti the Fighter (Demonspawn Berserker)        Turns: 6828, Time: 00:10:55

Health: -1/127     AC: 14    Str: 22    XL:     9   Next: 42%
Magic:  9/9        EV: 13    Int:  8    God:    Trog [***...]
Gold:   336        SH:  0    Dex: 13    Spells: 8/8 levels left

rFire   . . .      SeeInvis .   K - +3 flail (venom) {mace}
rCold   . . .      Faith    .   (no shield)
rNeg    . . .      Spirit   .   A - +3 chain mail
rPois   .          Reflect  .   (no helmet)
rElec   .          Harm     .   (cloak unavailable)
rCorr   .          Rampage  .   z - +0 pair of gloves
Will    .....                   (no boots)
Stlth   ..........              (no amulet)
HPRegen 0.31/turn               F - +4 ring of evasion
MPRegen 0.11/turn               t - +4 ring of evasion

@: berserking, constricted, unable to read, very quick
A: icy blue scales 1, ignite blood 1, demonic magic 1, weakness stinger 3,
[inability to read while threatened]
a: Renounce Religion, Berserk, Trog's Hand


You were on level 4 of the Abyss.
You worshipped Trog.
Trog was most pleased with you.
You visited 1 branch of the dungeon, and saw 8 of its levels.
You visited the Abyss 1 time.

You collected 336 gold pieces.


Innate Abilities, Weirdness & Mutations

You are partially covered in icy blue scales. (AC +2)
Your demonic aura sometimes causes spilled blood to erupt in flames.
Spells you cast may paralyse adjacent enemies.
You have a sharp stinger which inflicts weakening toxins.
[You sometimes lose the ability to read scrolls when taking damage.]


   Skills:
 + Level 13.2 Fighting
 - Level 2.6 Axes
 - Level 1.7 Armour
 - Level 1.7 Dodging


You had 8 spell levels left.
You didn't know any spells.
Your spell library contained the following spells:

 Spells                   Type           Power      Damage    Failure   Level
 Corpse Rot               Necr/Air       0%         N/A       99%         2
 Poisonous Vapours        Pois/Air       0%         N/A       99%         2
 Ignite Poison            Fire/Tmut/Pois 0%         N/A       100%        3
 Mephitic Cloud           Conj/Pois/Air  0%         N/A       100%        3
 Hailstorm                Conj/Ice       0%         3d3       100%        4
 Ice Form                 Ice/Tmut       0%         N/A       100%        4
 Freezing Cloud           Conj/Ice/Air   0%         6-21      100%        5
 Simulacrum               Ice/Necr       0%         N/A       100%        6

Inventory:

Hand Weapons
 a - a +0 hand axe {axe}
 o - a +1 hand axe of electrocution {axe}
   (You took it off an orc on level 3 of the Dungeon)
 B - a +2 hand axe of flaming {axe}
   (You took it off an orc priest on level 5 of the Dungeon)
 K - a +3 flail of venom (weapon) {mace}
   (You took it off Edmund on level 6 of the Dungeon)
Missiles
 j - 185 stones (quivered) {throwing}
 r - 3 boomerangs {throwing}
 y - 4 poisoned darts {throwing}
Armour
 b - a +0 animal skin
 z - a +0 pair of gloves (worn)
   (You found it on level 4 of the Dungeon)
 A - a +3 chain mail (worn)
   (You found it on level 4 of the Dungeon)
 L - a +0 cloak
   (You took it off Crazy Yiuf on level 6 of the Dungeon)
Magical Staves
 E - a staff of fire {forbidden!astaff}
   (You found it on level 5 of the Dungeon)
Jewellery
 h - a +4 ring of protection
   (You found it on level 1 of the Dungeon)
 m - a +6 ring of strength
   (You found it on level 2 of the Dungeon)
 s - a ring of fire
   (You found it on level 3 of the Dungeon)
 t - a +4 ring of evasion (right hand)
   (You found it on level 3 of the Dungeon)
 F - a +4 ring of evasion (left hand)
   (You found it on level 5 of the Dungeon)
 M - a +6 ring of dexterity
   (You found it on level 7 of the Dungeon)
Scrolls
 c - 4 scrolls of vulnerability {!r!r}
 l - a scroll of blinking {!r}
 n - a scroll of immolation {!r!r}
 p - 3 scrolls of enchant armour
 v - a scroll of brand weapon {unknown}
 w - a scroll of holy word {!r}
 C - a scroll of torment {unknown}
 D - a scroll of fear {unknown}
 G - a scroll of teleportation {unknown}
 I - a scroll of magic mapping {unknown}
Potions
 d - 2 potions of magic {unknown}
 e - 2 potions of haste {unknown}
 g - 3 potions of brilliance {unknown}
 i - 2 potions of berserk rage {unknown}
 k - 5 potions of curing {@q1}
 q - a potion of ambrosia {unknown}
 u - 3 potions of attraction {unknown}
 x - a potion of might {unknown}
 H - a potion of resistance
 J - a potion of invisibility {unknown}

Dungeon Overview and Level Annotations

Branches:
Dungeon (8/15)             Temple (0/1) D:4
   Lair: D:8-11

Altars:
Dithmenos
Fedhas
Hepliaklqana
Kikubaaqudgha
Sif Muna
Vehumet
Yredelemnul
Zin

Shops:
D:1 *   D:4 *

Annotations:
D:4 2 transporters
D:8 Psyche

...... ...... .......
...X.. #.... .X..# ###
##...# #.XX##
....#.....#....X#.
...............X.....
..x.........Xwx......
.... ......xX@.......
#.....#....x#.....#.
### .###..X###...##
.#.....#....ยง#.....#
...........ยง.X.......
..
.........ยงยง.......
.............. .....
.#....X#.....#.....#.
###. .###...###...


You could see 6 starcursed masses, 2 tentacled starspawn, 2 large abominations,
3 small abominations and a starspawn tentacle.


Message History

The raiju attacks as you move away! The raiju closely misses you.
The wretched star pulses with an eldritch light!
You lose the ability to read scrolls when threatened.
The small abomination closely misses you.
The raiju misses you. ๐Ÿ˜ฎ HP[+1]
There is a gateway leading deeper into the Abyss here.
The large abomination misses you.
You plunge deeper into the Abyss.
The abyssal rune of Zot can be found at this depth.
You can't go down here!
Okay, then.
As you read the scroll labelled BULAMM VIEHO, it crumbles to dust.
It is a scroll of identify.
c - 4 scrolls of vulnerability ๐Ÿ˜ฎ HP[+1]
As you read the scroll of identify {@r1}, it crumbles to dust.
l - a scroll of blinking
As you read the scroll of identify {@r1}, it crumbles to dust.
n - a scroll of immolation
As you read the scroll of identify {@r1}, it crumbles to dust.
p - 3 scrolls of enchant armour
As you read the scroll of identify {@r1}, it crumbles to dust.
w - a scroll of holy word ๐Ÿ˜ฎ HP[+1] ๐Ÿ˜ฎ HP[+1] ๐Ÿ˜• HP[+1] ๐Ÿ˜• HP[+1] ๐Ÿ˜• HP[+1]
Found a gateway leading deeper into the Abyss. ๐Ÿ˜• HP[+1]
A large abomination comes into view. ๐Ÿ˜• HP[+1] ๐Ÿ˜• HP[+1] ๐Ÿ˜• HP[+1] ๐Ÿ˜• HP[+1]
A small abomination comes into view. ๐Ÿ˜• HP[+1]
A small abomination comes into view.
A starcursed mass comes into view.
Tentacles burst from the starspawn's body! 2 starspawn tentacles come into view. ๐Ÿ˜• HP[+1]
The starcursed mass shrieks in your mind. ๐Ÿ˜• HP[-4]
You take 4 damage, and now have 69/85 hp.
A red film seems to cover your vision as you go berserk!
You feel yourself moving faster!
You feel mighty!
The starspawn tentacle closely misses you.
A starcursed mass splits. ๐Ÿ˜• HP[+35]
You now have 127 max hp (+42).
You regained 35 hp, and now have 104/127 hp.
You sock the starspawn tentacle! You tail-slap the starspawn tentacle.
The small abomination hits you but does no damage.
You bludgeon the starspawn tentacle!!
You destroy the starspawn tentacle!
A starcursed mass splits.
The starspawn tentacle grabs you. The starspawn tentacle constricts you.
The tentacled starspawn bites you but does no damage.
The tentacled starspawn closely misses you.
The small abomination hits you. ๐Ÿ˜• HP[-5]
You take 5 damage, and now have 99/127 hp.
You thump the starspawn tentacle! You tail-slap the starspawn tentacle.
A starcursed mass splits.
The starspawn tentacle constricts you. The tentacled starspawn bites you!!
You feel threatened and lose the ability to read scrolls!
The tentacled starspawn closely misses you. ๐Ÿ˜ฎ HP[-30]
You take 30 damage, and now have 69/127 hp.
MASSIVE DAMAGE!! (PAUSE) Unknown command.
You hit the large abomination. The large abomination hits you.
A starcursed mass splits. x2
The tentacled starspawn closely misses you.
The tentacled starspawn tentacle-slaps you!
* * * LOW HITPOINT WARNING * * *
The starspawn tentacle constricts you.
* * * LOW HITPOINT WARNING * * *
The small abomination hits you but does no damage. ๐Ÿ˜จ HP[-14]
You take 14 damage, and now have 55/127 hp.
You barely miss the large abomination. You tail-slap the large abomination!
The large abomination is engulfed in blazing flames.
The large abomination barely misses you.
The small abomination barely misses you.
A tentacled starspawn comes into view.
The starspawn tentacle constricts you. The tentacled starspawn bites you!!
* * * LOW HITPOINT WARNING * * *
The tentacled starspawn tentacle-slaps you!
* * * LOW HITPOINT WARNING * * *
๐Ÿ˜ฑ HP[-39]
You take 39 damage, and now have 16/127 hp.
MASSIVE DAMAGE!! (PAUSE)
You barely miss the large abomination.
A starcursed mass splits.
A deafening chorus of shrieks assaults your mind!
* * * LOW HITPOINT WARNING * * *
The small abomination hits you!
You die...

Skill      XL: |  1  2  3  4  5  6  7  8  9 |
---------------+----------------------------+-----
Fighting       | 4 5 7 8 10 12 13 | 13.2
Axes           | |  2.6
Armour         | |  1.7
Dodging        | |  1.7

Action                   |  1- 3 |  4- 6 |  7- 9 || total
-------------------------+-------+-------+-------++-------
Melee: Hand axe          |    81 |   130 |    88 ||   299
       Tailslap          |     2 |    13 |    20 ||    35
       Flail             |       |       |    43 ||    43
Invok: Berserk           |     2 |     3 |     9 ||    14
  Use: Potion            |     1 |       |       ||     1
       Scroll            |       |       |     5 ||     5
Armor: Animal skin       |    37 |    35 |       ||    72
       Chain mail        |       |     2 |    69 ||    71
Dodge: Dodged            |    46 |    81 |   101 ||   228

Levels and vault maps discovered:
D:1:      dpeg_arrival_houses_and_road, layout_basic, serial_shops, shop,
          chequers_ecumenical_altar_simple_redux
D:2:      layout_basic, serial_shops, nicolae_diamond_shop
D:3:      layout_basic, chequers_serial_rivers_micro_e, minmay_vboxes
D:4:      gammafunk_cloud_chamber, layout_basic, fedhas_altar_1,
          mainiacjoe_overflow_small_starburst, mainiacjoe_overflow_big_doors,
          temple_pool_b, serial_shops, shop, grunt_decor_one_mirror,
          uniq_natasha, uniq_grinder
D:5:      layout_gridville, kiku_gazebo_pond_becter, serial_rivers,
          chequers_serial_rivers_small_3, chequers_serial_rivers_small_b,
          chequers_serial_rivers_small_b, chequers_serial_rivers_marsh,
          chequers_serial_rivers_micro_a
D:6:      layout_loops_ring, kennysheep_mini, uniq_edmund,
          uniq_crazy_yiuf_cottage, uniq_duvessa
D:7:      due_chaos_kobolds, layout_basic, riverfiend_overflow_shadow_ancestor,
          serial_curves, eino_curves_02, eino_curves_04, minmay_manual_mail
D:8:      layout_loops_ring, gammafunk_temple_overflow_elements,
          uniq_prince_ribbit1, uniq_maurice, uniq_maggie, uniq_psyche,
          uniq_pikel
Abyss:4:  base: D:3, gammafunk_corrupted_shrine, kilobyte_mutagenic_chamber

Notes
Turn   | Place    | Note
-------+----------+-------------------------------------------
     0 | D:1      | spaghetti the Demonspawn Berserker began the quest for the
                  | Orb.
     0 | D:1      | Reached XP level 1. HP: 18/18 MP: 1/1
     0 | D:1      | magus.rc [v1.9.6]
   205 | D:1      | Found a faded altar of an unknown god.
   223 | D:1      | Gained mutation: You are partially covered in icy blue
                  | scales. (AC +2) [demonic ancestry]
   223 | D:1      | Reached XP level 2. HP: 24/24 MP: 2/2
   357 | D:1      | Found Gerraerph's Assorted Antiques.
   719 | D:2      | Reached skill level 4 in Fighting
   965 | D:2      | Gained mutation: You have a small tail. [demonic ancestry]
   965 | D:2      | Reached XP level 3. HP: 13/31 MP: 3/3
   966 | D:2      | HP: 8/46 [gnoll/+0 spear (5)]
  1296 | D:2      | Found Laon's Armour Boutique.
  1458 | D:2      | Reached skill level 5 in Fighting
  1458 | D:2      | Gained mutation: You have a tail ending in a sharp stinger.
                  | [demonic ancestry]
  1458 | D:2      | Reached XP level 4. HP: 39/39 MP: 4/4
  1711 | D:3      | Reached ** piety under Trog
  2036 | D:3      | Gained mutation: Spells you cast may paralyse adjacent
                  | enemies. [demonic ancestry]
  2036 | D:3      | Reached XP level 5. HP: 44/46 MP: 5/5
  2377 | D:4      | Reached skill level 6 in Fighting
  2493 | D:4      | Found a staircase to the Ecumenical Temple.
  2526 | D:4      | Found a basalt altar of Yredelemnul.
  2526 | D:4      | Noticed an ogre
  2544 | D:4      | Found Siokhua's General Store.
  2558 | D:4      | Killed an ogre
  2559 | D:4      | Reached skill level 7 in Fighting
  2559 | D:4      | Reached XP level 6. HP: 55/55 MP: 6/6
  2680 | D:4      | Found a radiant altar of Vehumet.
  2686 | D:4      | Found a shimmering blue altar of Sif Muna.
  2850 | D:4      | Found a transporter.
  2921 | D:4      | Found a blossoming altar of Fedhas.
  3197 | D:4      | Noticed Natasha
  3201 | D:4      | Killed Natasha
  3217 | D:4      | Reached skill level 8 in Fighting
  3217 | D:4      | Gained mutation: Your demonic aura sometimes causes spilled
                  | blood to erupt in flames. [demonic ancestry]
  3217 | D:4      | Reached XP level 7. HP: 32/62 MP: 7/7
  3368 | D:4      | Found a transporter.
  3441 | D:4      | Noticed Natasha
  3456 | D:4      | Killed Natasha
  3675 | D:4      | Noticed Natasha
  3682 | D:4      | Killed Natasha
  3716 | D:4      | Noticed Grinder
  3722 | D:4      | Paralysed by Grinder for 2 turns
  3730 | D:4      | Killed Grinder
  3730 | D:4      | Reached *** piety under Trog
  3731 | D:4      | Reached skill level 9 in Fighting
  3813 | D:5      | Entered Level 5 of the Dungeon
  3853 | D:5      | You add the spells Ignite Poison, Mephitic Cloud and
                  | Freezing Cloud to your library.
  4153 | D:5      | You pick up a book of Vapours {forbidden} and begin
                  | reading...
  4153 | D:5      | You add the spells Poisonous Vapours and Corpse Rot to your
                  | library.
  4230 | D:5      | Found an ancient bone altar of Kikubaaqudgha.
  4237 | D:5      | Reached skill level 10 in Fighting
  4237 | D:5      | Reached XP level 8. HP: 72/72 MP: 8/8
  5044 | D:6      | Noticed Dowan
  5051 | D:6      | Killed Dowan
  5053 | D:6      | Noticed Duvessa
  5063 | D:6      | Killed Duvessa
  5476 | D:6      | You pick up a book of the Tundra {forbidden} and begin
                  | reading...
  5476 | D:6      | You add the spells Hailstorm, Ice Form and Simulacrum to
                  | your library.
  5489 | D:6      | Reached skill level 11 in Fighting
  5564 | D:6      | Found a runed translucent door.
  5565 | D:6      | Noticed Crazy Yiuf
  5676 | D:6      | Noticed Edmund
  5683 | D:6      | Killed Edmund
  5952 | D:6      | Killed Crazy Yiuf
  6265 | D:7      | Found a shadowy altar of Dithmenos.
  6266 | D:7      | Found a hazy altar of Hepliaklqana.
  6267 | D:7      | Noticed a kobold demonologist
  6267 | D:7      | Noticed a hornet
  6269 | D:7      | Noticed a green ugly thing
  6271 | D:7      | Noticed a smoke demon
  6276 | D:7      | Killed a kobold demonologist
  6277 | D:7      | Reached skill level 12 in Fighting
  6277 | D:7      | Gained mutation: You have a sharp stinger which inflicts
                  | weakening toxins. [demonic ancestry]
  6277 | D:7      | Reached XP level 9. HP: 82/82 MP: 9/9
  6280 | D:7      | Killed a green ugly thing
  6283 | D:7      | Reached skill level 13 in Fighting
  6560 | D:8      | Noticed Psyche
  6580 | D:8      | You are cast into the Abyss!
  6580 | D:8      | Cast into level 1 of the Abyss (Psyche)
  6610 | Abyss:1  | Noticed a rust devil
  6746 | Abyss:3  | Noticed a wretched star
  6795 | Abyss:4  | Noticed a large abomination
  6818 | Abyss:4  | Noticed a tentacled starspawn
  6819 | Abyss:4  | Noticed a starcursed mass
  6827 | Abyss:4  | Noticed a tentacled starspawn
  6827 | Abyss:4  | HP: 26/127 [tentacled starspawn (29)]
  6828 | Abyss:4  | HP: 7/127 [starcursed mass/accursed screaming (9)]
  6828 | Abyss:4  | Slain by a small abomination

Vanquished Creatures
  An ugly thing (D:7)
  A kobold demonologist (D:7)
  A hornet (D:7)
  Grinder (D:4)
  Edmund (D:6)
  A water moccasin (D:8)
  Duvessa (D:6)
  A black bear (D:7)
  4 ogres
  2 ice beasts (D:6)
  A kobold brigand (D:8)
  2 scorpions
  Dowan (D:6)
  A jelly (D:5)
  An orc priest (D:5)
  2 hounds
  Crazy Yiuf (D:6)
  A gnoll shaman (D:4)
  2 iguanas
  Natasha (thrice) (D:4)
  3 orc wizards
  7 gnolls
  7 adders
  An ufetubus (D:4)
  A dart slug (D:3)
  5 worms
  13 orcs
  2 endoplasms
  3 giant cockroaches
  6 goblins
  4 hobgoblins
  2 quokkas
  7 ball pythons
  4 bats
  5 frilled lizards
  10 kobolds
  6 rats
  A starspawn tentacle (Abyss:4)
116 creatures vanquished.

Vanquished Creatures (others)
  A kobold (D:8)
1 creature vanquished.

Grand Total: 117 creatures vanquished

Table legend:
 A = Non-vault XP
 B = Vault XP
 C = Vault XP percentage of total XP
 D = Non-vault monster count
 E = Vault monster count
 F = Vault count percentage of total count
                 A         B        C        D         E       F
            +---------+---------+-------+---------+---------+-------
      Total |    2066 |    1905 |  48.0 |      98 |      17 |  14.8
            +---------+---------+-------+---------+---------+-------
        D:1 |      15 |       0 |   0.0 |      12 |       0 |   0.0
        D:2 |      98 |       0 |   0.0 |      17 |       0 |   0.0
        D:3 |     102 |      16 |  13.6 |      21 |       8 |  27.6
        D:4 |     588 |     308 |  34.4 |      25 |       2 |   7.4
        D:5 |     529 |       0 |   0.0 |       9 |       0 |   0.0
        D:6 |     348 |     412 |  54.2 |       5 |       4 |  44.4
        D:7 |     128 |    1169 |  90.1 |       1 |       3 |  75.0
        D:8 |     258 |       0 |   0.0 |       8 |       0 |   0.0
            +---------+---------+-------+---------+---------+-------

Illustrated notes

Table legend:
 A = Kills in this place as a percentage of kills in entire the game.
 B = Kills by you in this place as a percentage of kills by you in the entire game.
 C = Kills by friends in this place as a percentage of kills by friends in the entire game.
 D = Other kills in this place as a percentage of other kills in the entire game.
 E = Experience gained in this place as a percentage of experience gained in the entire game.
 F = Experience gained in this place divided by the number of levels of this place that you have seen.
                   A       B       C       D       E      F
               +-------+-------+-------+-------+-------+----------------------
         Total | 100.0 | 100.0 |   N/A |   N/A | 100.0 | 330.9
       Dungeon | 100.0 | 100.0 |   N/A |   N/A | 100.0 | 496.4
               +-------+-------+-------+-------+-------+----------------------

Table legend: (Time is in decaauts)
 A = Elapsed time spent in this place.
 B = Non-inter-level travel time spent in this place.
 C = Inter-level travel time spent in this place.
 D = Time resting spent in this place.
 E = Time spent auto-exploring this place.
 F = Levels seen in this place.
 G = Mean time per level.
                   A        B        C        D        E       F      G
               +--------+--------+--------+--------+--------+-----+--------+
         Total |   7008 |   6606 |    402 |   1220 |   4393 |  12 |  584.0 |
       Dungeon |   6754 |   6352 |    402 |   1220 |   4267 |   8 |  844.2 |
         Abyss |    253 |    253 |      0 |      0 |    126 |   4 |   63.2 |
               +--------+--------+--------+--------+--------+-----+--------+

Top non-repeatable levels by time:
     D:4: 1467 daAuts
     D:6: 1296 daAuts
     D:5: 1085 daAuts
     D:3: 967 daAuts
     D:2: 905 daAuts
     D:1: 546 daAuts
     D:7: 373 daAuts
     D:8: 112 daAuts
 Abyss:2: 90 daAuts
 Abyss:3: 62 daAuts
 Abyss:4: 59 daAuts
 Abyss:1: 41 daAuts
